[Event "Team 45 45 League T61"]
[Site "Internet Chess Club"]
[Date "2014.06.30"]
[Round "5"]
[White "elmaestro"]
[Black "WillC"]
[Result "0-1"]
[WhiteElo "1736"]
[BlackElo "1743"]
[Opening "English: Neo-Catalan declined"]
[ECO "A14"]
[Time "19:03:22"]
[TimeControl "2700+45"]

1. c4 Nf6 2. g3 e6 3. Bg2 d5 4. Nf3 Be7 5. O-O O-O 6. b3 b6 7. Bb2 Bb7 8. d3
Nbd7 9. Nbd2 c5 10. e3 Qc7 11. d4 Rfd8 12. Qe2 Rac8 13. Rac1 Qb8 14. Rfe1 Ne4
15. Nxe4 dxe4 16. Ne5 f6 17. Nxd7 Rxd7 18. dxc5 Bxc5 19. Qg4 f5 20. Qg5 Bf8 21.
g4 Rf7 22. Rcd1 Be7 23. Qh5 Bf6 24. Bxf6 Rxf6 25. g5 g6 26. Qe2 Rf7 27. Rd2 Rd8
28. Red1 Rxd2 29. Rxd2 Qe5 30. Qd1 Qc7 31. Rd8+ Kg7 32. Rd6 Qe7 33. h4 h6 34.
gxh6+ Kxh6 35. Rd8 Kh7 36. h5 g5 37. Qd4 e5 38. Qd1 f4 {White forfeits on time}
0-1

[Event "Team 45 45 League T61"]
[Site "Internet Chess Club"]
[Date "2014.06.29"]
[Round "5"]
[White "Innes"]
[Black "mongmong"]
[Result "1/2-1/2"]
[WhiteElo "1588"]
[BlackElo "1605"]
[Opening "French: exchange variation"]
[ECO "C01"]
[Time "16:25:27"]
[TimeControl "2700+45"]

1. e4 e6 2. d4 d5 3. exd5 exd5 4. Bd3 Nf6 5. h3 Bd6 6. Qf3 h6 7. Ne2 O-O 8. O-O
Re8 9. Nbc3 c6 10. Bd2 Ne4 11. Nxe4 dxe4 12. Bxe4 f5 13. Bd3 Qf6 14. Bc3 Qg6 15.
Rae1 Rf8 16. Nf4 Bxf4 17. Qxf4 Nd7 18. Re3 Nb6 19. Rg3 Nd5 20. Bc4 Qf6 21. Bxd5+
cxd5 22. Re1 Bd7 23. Bb4 Rfe8 24. Rge3 Rxe3 25. Rxe3 Bc6 26. Qe5 Qxe5 27. Rxe5
g6 28. Kf1 Re8 29. Rxe8+ Bxe8 30. Ke2 Bb5+ 31. Ke3 Bf1 32. Kf3 Kf7 33. h4 h5 34.
g3 a6 35. Kf4 Ke6 36. Bc5 b5 37. Kg5 Kf7 38. Bd6 Bg2 39. Be5 Bf1 40. a3 a5 41.
b4 a4 42. c3 Be2 43. Bd6 Bd1 44. Kf4 Ke6 45. Bc7 Be2 46. Be5 Bf1 47. Kg5 Kf7 48.
Bc7 Be2 49. Bd8 Bf1 50. Kf4 Ke6 51. Bg5 Bc4 52. Ke3 Bf1 53. Kf4 Bc4 54. Bd8 Bf1
55. Bb6 Bc4 56. Kg5 Kf7 57. f4 Be2 58. Kh6 Bg4 59. Bc5 Be2 60. Kh7 Bc4 {Game
drawn by mutual agreement} 1/2-1/2

[Event "Team 45 45 League T61"]
[Site "Internet Chess Club"]
[Date "2014.06.29"]
[Round "5"]
[White "achessman"]
[Black "Goli"]
[Result "1-0"]
[WhiteElo "1916"]
[BlackElo "1822"]
[Opening "Robatsch (modern) defense"]
[ECO "B06"]
[Time "17:03:39"]
[TimeControl "2700+45"]

1. e4 g6 2. d4 Bg7 3. Nc3 d6 4. Be3 Nf6 5. f3 O-O 6. Qd2 Nc6 7. O-O-O e5 8. Nge2
a6 9. g4 b5 10. d5 Ne7 11. Ng3 b4 12. Nb1 a5 13. h4 h5 14. gxh5 Nxh5 15. Nxh5
gxh5 16. Rg1 Ng6 17. Bg5 Qe8 18. Bh6 Qe7 19. Bg5 Qe8 20. Bc4 Ba6 21. Bxa6 Rxa6
22. Rg2 c6 23. Qe2 Qa8 24. f4 exf4 25. Qxh5 cxd5 26. Rxd5 Qa7 27. Qe2 Rc8 28. h5
Rac6 29. Qd1 Qe3+ 30. Nd2 Rxc2+ 31. Qxc2 Rxc2+ 32. Kxc2 a4 33. hxg6 b3+ 34. axb3
axb3+ 35. Kd1 fxg6 36. Rb5 Qh3 37. Rf2 Bxb2 38. Rxb3 Qh5+ 39. Nf3 Qh1+ 40. Ke2
Qc1 41. Rd3 Qc2+ 42. Nd2 Qc5 43. Bxf4 Qh5+ 44. Nf3 Bf6 45. Rxd6 Bh4 46. Rh2 Qg4
47. Rxh4 Qg2+ 48. Ke3 {Black resigns} 1-0

[Event "Team 45 45 League T61"]
[Site "Internet Chess Club"]
[Date "2014.06.29"]
[Round "5"]
[White "room-matt"]
[Black "tamtu"]
[Result "0-1"]
[WhiteElo "1835"]
[BlackElo "2010"]
[Opening "Sicilian: Najdorf, Byrne (English) attack"]
[ECO "B90"]
[Time "01:33:36"]
[TimeControl "2700+45"]

1. e4 c5 2. Nf3 d6 3. d4 cxd4 4. Nxd4 Nf6 5. Nc3 a6 6. Be3 e5 7. Nb3 Be7 8. Qd2
Be6 9. f3 O-O 10. O-O-O a5 11. Na4 Nbd7 12. g4 d5 13. g5 d4 14. gxf6 dxe3 15.
Qxe3 Bxf6 16. Rg1 Qc7 17. Bd3 Rfc8 18. Kb1 Be7 19. Rd2 Qc6 20. Qe2 Nb6 21. Bb5
Qc7 22. Nxb6 Qxb6 23. Qg2 g6 24. Bd7 Bxd7 25. Rxd7 a4 26. Nc1 Bc5 27. Rgd1 Bd4
28. c3 Rxc3 29. f4 Rac8 30. Nd3 Rc2 31. Qxc2 Rxc2 32. Kxc2 Qc6+ 33. Kb1 Qxd7 34.
Nxe5 Qd6 35. Nf3 Qxf4 36. Nxd4 Qxe4+ 37. Kc1 h5 38. b3 axb3 39. Nxb3 Kg7 40. Rd2
Kh6 41. Nc5 Qe3 42. Nd7 f5 43. Kc2 f4 44. Nf6 f3 45. Ng8+ Kg7 {White resigns}
0-1

[Event "Team 45 45 League T61"]
[Site "Internet Chess Club"]
[Date "2014.06.27"]
[Round "5"]
[White "Frankly"]
[Black "zugknightly"]
[Result "1/2-1/2"]
[WhiteElo "1787"]
[BlackElo "1792"]
[Opening "Modern defense"]
[ECO "A40"]
[Time "16:02:12"]
[TimeControl "2700+45"]

1. d4 g6 2. c4 Bg7 3. Nc3 d6 4. Nf3 e5 5. e4 Nc6 6. d5 Nce7 7. Be2 f5 8. Bd2 Nf6
9. Qc2 O-O 10. Bd3 c6 11. O-O c5 12. Ng5 f4 13. Ne6 Bxe6 14. dxe6 Rb8 15. Nd5
Re8 16. g3 g5 17. gxf4 gxf4 18. Kh1 Kh8 19. Rg1 Qc8 20. Rxg7 Kxg7 21. Rg1+ Ng6
22. Bf1 Qxe6 23. Nc7 Qd7 24. Nxe8+ Rxe8 25. Qd3 Kh8 26. Bh3 Qe7 27. Bf5 Rg8 28.
Qh3 Nf8 29. Rxg8+ Nxg8 30. Qc3 Qg7 31. Qd3 Qf6 32. Qd5 b6 33. Qb7 Qe7 34. Qb8
Ng6 35. Be1 Nh4 36. Bg4 Qg5 37. f3 h5 38. Bxh4 Qxh4 39. Be6 Qe1+ 40. Kg2 Qe2+
41. Kg1 Qe1+ 42. Kg2 Qe2+ 43. Kg1 Qe1+ {Game drawn by mutual agreement} 1/2-1/2

[Event "Team 45 45 League T61"]
[Site "Internet Chess Club"]
[Date "2014.06.28"]
[Round "5"]
[White "Duguesclin"]
[Black "ghostfire"]
[Result "0-1"]
[WhiteElo "1660"]
[BlackElo "1720"]
[Opening "QGD Slav: Slav gambit"]
[ECO "D15"]
[Time "13:00:30"]
[TimeControl "2700+45"]

1. d4 d5 2. c4 c6 3. Nf3 Nf6 4. Nc3 dxc4 5. e4 b5 6. a3 Bg4 7. Be2 Nbd7 8. O-O
e6 9. h3 Bh5 10. Bg5 Be7 11. Qc2 O-O 12. Rfd1 Rc8 13. a4 b4 14. Bxf6 Nxf6 15.
Nb1 b3 16. Qxc4 Nxe4 17. Qxb3 Rb8 18. Qc2 Bg6 19. Ne5 Nf6 20. Nxg6 hxg6 21. Nc3
Nd5 22. Rab1 Nb4 23. Qe4 Qd6 24. Bf3 Bd8 25. Qe5 Bc7 26. Qxd6 Bxd6 27. Ne4 Be7
28. Nc5 Rfd8 29. Rbc1 Na2 30. Rc2 Nb4 31. Rc4 Nd5 32. b3 Bxc5 33. Rxc5 Rxb3 34.
Rxc6 Nc3 35. Rd3 Rb1+ 36. Kh2 Nxa4 37. Ra6 Nc5 38. dxc5 Rxd3 39. Be4 Rdb3 40.
Bxb1 Rxb1 41. Rxa7 Rb8 42. c6 Kf8 43. Rb7 Rc8 44. c7 Ke8 45. g4 Kd7 46. f4 Rxc7
47. Rxc7+ Kxc7 48. g5 Kd6 49. Kg3 Kd5 50. Kf3 f6 51. gxf6 gxf6 52. Kg4 Ke4 53.
h4 Ke3 {White resigns} 0-1

[Event "Team 45 45 League T61"]
[Site "Internet Chess Club"]
[Date "2014.07.01"]
[Round "5"]
[White "kidviper"]
[Black "Agarnez"]
[Result "0-1"]
[WhiteElo "1953"]
[BlackElo "1994"]
[Opening "French defense"]
[ECO "C00"]
[Time "12:01:28"]
[TimeControl "2700+45"]

1. e4 e6 2. Nf3 d5 3. exd5 exd5 4. d4 Nc6 5. h3 Bf5 6. Bd3 Qd7 7. Nc3 O-O-O 8.
Be3 f6 9. a3 g5 10. Qd2 Nge7 11. O-O-O Kb8 12. Rhe1 Nc8 13. Bxf5 Qxf5 14. Qd3
Qd7 15. Nd2 Nb6 16. f4 h6 17. f5 a6 18. g4 Bd6 19. Bf2 Bf4 20. Be3 Bg3 21. Rg1
Bd6 22. Bf2 Rhe8 23. Bg3 Bxg3 24. Rxg3 Qd6 25. Re3 Qf4 26. Rde1 Rxe3 27. Qxe3
Qxd4 28. Qxd4 Nxd4 29. Re7 h5 30. Rf7 hxg4 31. hxg4 Rh8 32. b3 Rh1+ 33. Kb2 Rh2
34. Kc1 Rh1+ 35. Kb2 Rh6 36. a4 Nc6 37. Rg7 d4 38. Nce4 Ne5 39. Nxf6 Rxf6 40.
Rxg5 Kc8 41. Ne4 Rf8 42. Nc5 Nf7 43. Rg7 Nd8 44. c4 dxc3+ 45. Kxc3 Nd5+ 46. Kd4
Nf6 47. Ne6 Nxe6+ 48. fxe6 Rg8 49. Rf7 Nxg4 50. Kd5 Rd8+ 51. Ke4 Re8 52. Rg7
Nf6+ 53. Ke5 Ng8 54. Rd7 Re7 55. Rd2 Rh7 56. Kf5 Rh3 57. b4 Rf3+ 58. Ke4 Rb3 59.
Rd4 Ne7 60. Rd7 Rxb4+ 61. Ke5 Nc6+ 62. Kf6 Rxa4 63. Rh7 Rf4+ 64. Kg5 Rf8 65. Rh1
Nd4 66. e7 Re8 67. Kf6 Nc6 68. Rd1 Rxe7 69. Rc1 Re2 70. Rd1 a5 71. Kf7 a4 72.
Rc1 a3 73. Ra1 a2 74. Kf6 Na5 75. Kf5 Nb3 76. Rxa2 Rxa2 77. Ke4 Rd2 78. Ke3 c5
79. Ke4 c4 80. Ke3 c3 81. Ke4 c2 82. Ke3 c1=Q 83. Kf3 Qe1 84. Kg4 Rf2 85. Kh3
Qg1 86. Kh4 Rh2# {White checkmated} 0-1

[Event "Team 45 45 League T61"]
[Site "Internet Chess Club"]
[Date "2014.06.28"]
[Round "5"]
[White "kar120c"]
[Black "kidcobra"]
[Result "1-0"]
[WhiteElo "1883"]
[BlackElo "1760"]
[Opening "Ruy Lopez: Schliemann defense"]
[ECO "C63"]
[Time "13:58:10"]
[TimeControl "2700+45"]

1. e4 e5 2. Nf3 Nc6 3. Bb5 f5 4. d3 fxe4 5. dxe4 Nf6 6. Nc3 Bb4 7. Qd3 Bxc3+ 8.
bxc3 O-O 9. Bc4+ Kh8 10. O-O d6 11. Bg5 Bg4 12. h3 Bh5 13. Rab1 Rb8 14. Nh4 Bf7
15. Bb3 Bxb3 16. cxb3 Qe8 17. Nf5 Qf7 18. f3 Rbd8 19. Qb5 Rb8 20. Rbd1 a6 21.
Qd3 Rbd8 22. Ne3 h6 23. Bxf6 Qxf6 24. Nd5 Qf7 25. a4 Rd7 26. f4 Qe8 27. f5 Ne7
28. Nxe7 Qxe7 29. c4 Qf7 30. g4 Qf6 31. b4 Rfd8 32. a5 Qf7 33. Rd2 c6 34. Rfd1
d5 35. cxd5 cxd5 36. Qb3 d4 37. Qxf7 Rxf7 38. Rc2 Rdd7 39. Kf2 Rfe7 40. Rc8+ Kh7
41. h4 Rc7 42. Rc1 Rxc1 43. Rxc1 Rd7 44. Rc5 Re7 45. g5 hxg5 46. hxg5 Kg8 47.
Rc8+ Kf7 48. g6+ Kf6 49. Rf8+ Kg5 50. Rf7 Re8 51. Rxg7 Kf4 52. f6 Rc8 53. f7
Rc2+ 54. Kf1 Kg3 55. f8=Q d3 56. Ke1 Rb2 57. Rxb7 Re2+ 58. Kd1 Rf2 59. Qxf2+
Kxf2 60. g7 Ke3 61. g8=Q Kd4 62. Qd5+ Kc3 63. Qxe5+ Kb3 64. Kd2 Ka3 65. Kxd3 Ka4
66. Kc2 Ka3 67. Qa1# {Black checkmated} 1-0

[Event "Team 45 45 League T61"]
[Site "Internet Chess Club"]
[Date "2014.06.28"]
[Round "5"]
[White "baconwithfries"]
[Black "Manas"]
[Result "1-0"]
[WhiteElo "1674"]
[BlackElo "1778"]
[Opening "QGD semi-Slav"]
[ECO "D43"]
[Time "16:00:29"]
[TimeControl "2700+45"]

1. d4 d5 2. c4 c6 3. Nf3 Nf6 4. Nc3 e6 5. Bg5 h6 6. Bh4 dxc4 7. e4 g5 8. Bg3 b5
9. Be2 Bb7 10. h4 g4 11. Ne5 h5 12. O-O Nbd7 13. Qc2 Bg7 14. b3 cxb3 15. axb3
Nxe5 16. Bxe5 O-O 17. Rad1 Qe7 18. Bg3 Rfd8 19. e5 Nd5 20. Ne4 a5 21. Ng5 Kf8
22. f3 Ne3 23. Qh7 Nxd1 24. Bxd1 Rxd4 25. fxg4 hxg4 26. Bc2 {Black resigns} 1-0

[Event "Team 45 45 League T61"]
[Site "Internet Chess Club"]
[Date "2014.06.26"]
[Round "5"]
[White "pishd"]
[Black "kabindra"]
[Result "0-1"]
[WhiteElo "1760"]
[BlackElo "1754"]
[Opening "Queen's pawn game"]
[ECO "D05"]
[Time "12:02:30"]
[TimeControl "2700+45"]

1. d4 d5 2. Nf3 Nf6 3. e3 e6 4. Bd3 Bb4+ 5. c3 Bd6 6. Nbd2 O-O 7. O-O b6 8. Qe2
a5 9. e4 dxe4 10. Nxe4 Ba6 11. Nxf6+ Qxf6 12. Bxh7+ Kxh7 13. Qe4+ Kg8 14. Qxa8
Bxf1 15. Kxf1 Qf5 16. Bd2 Qb5+ 17. Kg1 Nc6 18. a4 Qxb2 19. Qxc6 Qxa1+ 20. Be1
Qb1 21. g3 f5 22. c4 Qe4 23. Qxe4 fxe4 24. Ng5 e5 25. c5 bxc5 26. dxc5 Bxc5 27.
Ne6 Bb4 28. Nxf8 Kxf8 29. Kf1 Ke7 30. h4 c5 31. Ke2 Kd6 32. Bd2 c4 33. g4 c3 34.
Bc1 Kd5 35. h5 Bf8 36. g5 Kc4 37. Ke3 Kb3 38. Kxe4 Kxa4 39. h6 gxh6 40. gxh6 Kb3
41. h7 Bg7 42. f3 a4 43. Kd3 a3 44. Bxa3 e4+ 45. fxe4 Kxa3 46. Kc2 Kb4 {White
resigns} 0-1

[Event "Team 45 45 League T61"]
[Site "Internet Chess Club"]
[Date "2014.06.28"]
[Round "5"]
[White "lacibacsi"]
[Black "netballgirl"]
[Result "1-0"]
[WhiteElo "1966"]
[BlackElo "1736"]
[Opening "Sicilian: closed"]
[ECO "B23"]
[Time "04:02:05"]
[TimeControl "2700+45"]

1. e4 c5 2. Nc3 d6 3. g3 Nf6 4. Bg2 Nc6 5. h3 g6 6. d3 Bg7 7. Be3 O-O 8. f4 Nd4
9. Nf3 Nxf3+ 10. Qxf3 Rb8 11. O-O b5 12. g4 b4 13. Ne2 Bb7 14. Qg3 Qd7 15. f5 a5
16. Nf4 g5 17. Ne2 h6 18. h4 Nh7 19. c3 bxc3 20. bxc3 Ba6 21. Rad1 Rb2 22. Rfe1
Rxa2 23. Nc1 Rb2 24. d4 cxd4 25. cxd4 Rc8 26. e5 Rcc2 27. Be4 Rc3 28. h5 Qc7 29.
f6 exf6 30. exd6 Qd8 31. Bf5 Bc8 32. Bxc8 Qxc8 33. Nd3 Rb8 34. d7 Qd8 35. Nc5
Bf8 36. Qf3 Bxc5 37. dxc5 Nf8 38. Qd5 Ne6 39. Bd4 Rg3+ 40. Kf2 Rxg4 41. c6 Rb4
42. Be3 Qc7 43. d8=Q+ Nxd8 44. Qxd8+ Qxd8 45. Rxd8+ Kg7 46. c7 Rb2+ 47. Kf3 Rc4
48. c8=Q g4+ 49. Qxg4+ Rxg4 50. Kxg4 a4 51. Rg1 {Black resigns} 1-0

[Event "Team 45 45 League T61"]
[Site "Internet Chess Club"]
[Date "2014.06.29"]
[Round "5"]
[White "OzymandiasVII"]
[Black "Tobiasdelmonte"]
[Result "0-1"]
[WhiteElo "1680"]
[BlackElo "1882"]
[Opening "Nimzo-Indian: Leningrad variation"]
[ECO "E30"]
[Time "22:30:14"]
[TimeControl "2700+45"]

1. d4 Nf6 2. c4 e6 3. Bg5 Bb4+ 4. Nc3 h6 5. Bxf6 Qxf6 6. Nf3 O-O 7. e3 d6 8. Bd3
Bxc3+ 9. bxc3 c5 10. O-O b6 11. Be4 d5 12. cxd5 Bb7 13. Qb3 Rd8 14. c4 exd5 15.
Bxd5 Bxd5 16. cxd5 cxd4 17. Nxd4 Nd7 18. Qb5 Nc5 19. Qc6 Qe5 20. Rfd1 Qxd5 21.
Qxd5 Rxd5 22. Nc6 Rxd1+ 23. Rxd1 Kf8 24. f3 Ke8 25. Rd4 f6 26. h4 a5 27. Rd6 Rc8
28. Nd4 Na4 29. Nf5 Kf7 30. Rd4 Rc1+ 31. Kh2 Nc3 32. e4 Nxa2 33. Rd7+ Kf8 34.
Rxg7 a4 35. Ra7 Nc3 36. Nxh6 b5 37. Rf7+ Ke8 38. Rxf6 a3 39. Ra6 Na4 40. Nf5 a2
41. Nd6+ Kd7 42. Nxb5 a1=Q 43. Rd6+ {White resigns} 0-1

[Event "Team 45 45 League T61"]
[Site "Internet Chess Club"]
[Date "2014.06.29"]
[Round "5"]
[White "amicusUK"]
[Black "zap2"]
[Result "0-1"]
[WhiteElo "1641"]
[BlackElo "1822"]
[Opening "Queen's pawn: Yusupov-Rubinstein system"]
[ECO "A46"]
[Time "09:05:51"]
[TimeControl "2700+45"]

1. d4 Nf6 2. Nf3 e6 3. e3 b6 4. Bd3 Bb7 5. Nbd2 d5 6. O-O c5 7. c3 Nbd7 8. Re1
Be7 9. e4 dxe4 10. Nxe4 Nxe4 11. Bxe4 Bxe4 12. Rxe4 Nf6 13. Re1 O-O 14. Bg5 Rc8
15. Qe2 h6 16. Bh4 Nd5 17. Bxe7 Nxe7 18. Rad1 Qc7 19. Qe5 Qxe5 20. Nxe5 Nd5 21.
dxc5 bxc5 22. c4 Nb4 23. Rd7 f6 24. Nf3 Rf7 25. Rxf7 Kxf7 26. a3 Nd3 27. Rb1 Rd8
28. Kf1 Rb8 29. b3 e5 30. Nd2 f5 31. f3 Nf4 32. g3 Ne6 33. b4 Rd8 34. Ke1 Nd4
35. bxc5 Nc2+ 36. Ke2 Nd4+ 37. Ke1 Rd7 38. Rb2 g5 39. Kf2 Ke6 40. g4 fxg4 41.
fxg4 Rf7+ 42. Ke3 Nc6 43. Ne4 Na5 44. Nd6 Rf4 45. Rc2 Rxg4 46. Nb7 Nxc4+ 47. Kd3
Rd4+ 48. Kc3 Ne3 49. Rd2 Nd5+ 50. Kc2 Rxd2+ 51. Kxd2 Kd7 52. Kd3 Kc6 53. Nd8+
Kxc5 54. Nf7 Nf6 55. Nxe5 Kd5 56. Nf7 Ng4 57. Nxh6 Nxh6 {White resigns} 0-1

[Event "Team 45 45 League T61"]
[Site "Internet Chess Club"]
[Date "2014.06.25"]
[Round "5"]
[White "tightfist"]
[Black "fireball"]
[Result "0-1"]
[WhiteElo "1535"]
[BlackElo "1729"]
[Opening "Polish (Sokolsky) opening"]
[ECO "A00"]
[Time "20:01:24"]
[TimeControl "2700+45"]

1. b4 d5 2. Bb2 Nf6 3. Nf3 Bf5 4. a3 Nbd7 5. e3 e6 6. c4 Be7 7. Be2 O-O 8. c5 a5
9. O-O c6 10. d3 b6 11. d4 Qb8 12. Nbd2 bxc5 13. dxc5 axb4 14. axb4 Qxb4 15. Qb3
Qxb3 16. Nxb3 Nxc5 17. Nxc5 Bxc5 18. Nd4 Bxd4 19. exd4 Nd7 20. Rfc1 Rxa1 21.
Bxa1 Ra8 22. Bf3 Rb8 23. Bc3 Rb1 24. Rxb1 Bxb1 25. Ba5 c5 26. dxc5 Nxc5 27. Bb4
Ne4 28. h4 f5 29. g3 Bd3 30. Kg2 Kf7 31. Bd1 Bb5 32. f3 Nf6 33. Bc3 Ke7 34. Bb4+
Kd7 35. Kf2 e5 36. Bc2 e4 37. Bf8 g6 38. Bg7 Ne8 39. Bd4 Nd6 40. Bb3 Nc4 41.
fxe4 fxe4 42. g4 Ke6 43. Bc2 Nd2 44. Bc3 Nf3 45. Kg3 d4 46. Bxe4 dxc3 47. Kxf3
Ke5 48. Bc2 Kd4 49. Kf2 Bd3 50. Bb3 c2 51. Bxc2 Bxc2 52. Kg3 Ke4 53. g5 Bd1 54.
Kh3 Kf4 55. Kh2 Kg4 56. h5 Kxh5 57. Kg3 Kxg5 58. Kf2 Kg4 59. Ke1 Bf3 60. Kf2 h5
61. Kg1 Kg3 62. Kf1 h4 63. Kg1 h3 64. Kf1 h2 {White resigns} 0-1